 Dungeon Crawl Stone Soup version 0.14-a0-1546-g4b4961f (webtiles) character file.

106 PolkaDot the Ruinous (level 3, -5/24 HPs)
             Began as a Vampire Conjurer on Dec 18, 2013.
             Slain by Crazy Yiuf
             ... wielding a +3,+2 quarterstaff of chaos
              (12 damage)
             ... on Level 2 of the Dungeon.
             The game lasted 00:11:56 (1579 turns).

PolkaDot the Ruinous (Vampire Conjurer)             Turns: 1579, Time: 00:11:56

HP  -5/24        AC  3     Str  7      XL: 3   Next: 42%
MP   4/6         EV 12     Int 18      God:
Gold 61          SH  0     Dex 14      Spells:  2 memorised,  3 levels left

rFire  . . .     SeeInvis +     k - +3,+0 elf dagger (distort)
rCold  . . .     Clarity  .     a - +0 robe
rNeg   . . .     Conserve .     (no shield)
rPois  .         rCorr    .     b - +0 orc helmet
rElec  .         rRot     .     (no cloak)
SustAb + .       Spirit   .     (no gloves)
rMut   .         Warding  .     (no boots)
Saprov . . .     Stasis   .     (no amulet)
                                (no ring)
                                d - ring of sustain abilities {unknown}

@: regenerating quickly, mildly poisoned, very slightly contaminated, slightly
resistant to hostile enchantments, stealthy
A: fangs 3, see invisible, unbreathing
a: no special abilities


You were on level 2 of the Dungeon.
You were very full.

You visited 1 branch of the dungeon, and saw 2 of its levels.

You collected 61 gold pieces.

Inventory:

Hand weapons
 k - a +3,+0 elven dagger of distortion (weapon)
Armour
 a - a +0 robe (worn)
 b - a +0 orcish helmet (worn)
Scrolls
 e - 3 scrolls of remove curse {unknown}
 h - a scroll of recharging {unknown}
 j - a scroll of curse armour {unknown}
Jewellery
 d - a ring of sustain abilities (left hand) {unknown}
Potions
 f - a potion of poison {unknown}
 g - a potion of curing {unknown}
 i - a potion of magic {unknown}
 l - a potion of confusion {unknown}
Books
 c - a book of Conjurations

   Spells                             Type                      Level
   *Magic Dart                        Conjuration                  1
   *Searing Ray                       Conjuration                  2
   Dazzling Spray                     Conjuration/Hexes            3
   Iskenderun's Mystic Blast          Conjuration                  4
   Iskenderun's Battlesphere          Conjuration/Charms           4
   Fulminant Prism                    Conjuration/Hexes            5


   Skills:
 - Level 2.1 Dodging
 - Level 3.0 Stealth
 - Level 2.0 Spellcasting
 * Level 3.9 Conjurations


You had 3 spell levels left.
You knew the following spells:

 Your Spells              Type           Power        Failure   Level  Hunger
a - Magic Dart            Conj           ###.         4%          1    #......
s - Searing Ray           Conj           ###...       8%          2    ##.....


Dungeon Overview and Level Annotations

Branches:
Dungeon (2/16)

Altars:

Annotations:
D:2 Crazy Yiuf


Innate Abilities, Weirdness & Mutations

Your natural rate of healing is unusually fast.
You have razor-sharp teeth.*
You have supernaturally acute eyesight.
You can survive without breathing.*


Message History

Confirm with . or Enter, or press ? or * to list all spells.
Aiming: Searing Ray
Press: ? - help, Shift-Dir - straight line, f/p - Crazy Yiuf
Aim: Crazy Yiuf, wielding a quarterstaff of chaos and wearing a cloak (heavily wounded)
You miscast Searing Ray.
You are very lightly contaminated with residual magic.
You smell something strange.
Crazy Yiuf hits you with a quarterstaff of chaos!
Crazy Yiuf burns you. Crazy Yiuf closely misses you.
Crazy Yiuf says, "Ice!"
You feel sick.
You feel sick.
* * * LOW HITPOINT WARNING * * *
You feel sick.
* * * LOW HITPOINT WARNING * * *
You feel sick.
Crazy Yiuf hits you with a quarterstaff of chaos!
Ouch! That really hurt!
You die...

.....##.%.# .######...##########
.#...##...### #...#
.#...##.(...##### ###.# #♣♣♣
................# #.###♣♣♣♣♣♣♣
##...####...###.######...+.♣♣♣♣♣♣
#...# ##..................♣♣♣♣.
#...# #.####....###.......♣..♣
#...## #.####....###...+..♣.♣♣♣
#...# #.....g@.......##♣♣♣♣♣♣♣
#... ######.######..##♣♣♣♣♣♣ ###
#.....# #.## #....># #.# ...
#.....# #.# #.. . ####.## ..# #..
#.# ..) #.. #.. #.# ##.. #.#


You could see Crazy Yiuf.

Vanquished Creatures
  An adder (D:2)
  A ball python (D:1)
  3 bats
  2 giant cockroaches (D:2)
  6 hobgoblins (D:1)
  2 quokkas (D:2)
  2 giant newts (D:2)
  10 goblins
  3 kobolds
  4 rats
34 creatures vanquished.

Notes
Turn   | Place    | Note
--------------------------------------------------------------
     0 | D:1      | PolkaDot, the Vampire Conjurer, began the quest for the Orb.
     0 | D:1      | Reached XP level 1. HP: 13/13 MP: 3/3
   128 | D:1      | Upgraded the game from 0.14-a0-1527-g89529d6 to 0.14-a0-1546-g4b4961f
   366 | D:1      | Reached XP level 2. HP: 19/19 MP: 1/4
   374 | D:1      | Learned a level 2 spell: Searing Ray
  1304 | D:2      | Reached XP level 3. HP: 24/24 MP: 3/6
  1521 | D:2      | Noticed Crazy Yiuf
  1579 | D:2      | Slain by Crazy Yiuf

Action                   || total
-------------------------++-------
Melee: Unarmed           ||    12
       Dagger            ||     4
 Cast: Magic Dart        ||    68
       Searing Ray       ||     3
  Use: Potion            ||     1
 Stab: Sleeping          ||     1
